 Dungeon Crawl Stone Soup version 0.25.0-46-gbd7b0854d2 (webtiles) character file.

Game seed: 14772738762002087408

1 Milting the Insei (level 1, -1/13 HPs)
             Began as an Octopode Transmuter on July 14, 2020.
             Slain by an adder (5 damage)
             ... on level 1 of the Dungeon.
             The game lasted 00:01:02 (156 turns).

Milting the Insei (Octopode Transmuter)              Turns: 156, Time: 00:01:02

Health: -1/13      AC:  1    Str:  9    XL:     1   Next: 20%
Magic:  3/3        EV: 13    Int: 15    God:
Gold:   0          SH:  0    Dex: 12    Spells: 3/4 levels left

rFire    . . .     SeeInvis .     - Unarmed
rCold    . . .     Gourm    .   (no shield)
rNeg     . . .     Faith    .   (helmet restricted)
rPois    .         Spirit   .   (no amulet)
rElec    .         Reflect  .   (no ring)
rCorr    .         Harm     .   (no ring)
MR       .....                  (no ring)
Stlth    ++........             (no ring)
HPRegen  0.04/turn              (no ring)
MPRegen  0.08/turn              (no ring)
                                (no ring)
                                (no ring)

@: lethally poisoned (-1 -> -5)
A: almost no armour, stealthy swim, amphibious, 8 rings, constrict 8, camouflage
1, gelatinous body 1
a: no special abilities


You were on level 1 of the Dungeon.
You were not hungry.

You visited 1 branch of the dungeon, and saw 2 of its levels.

Inventory:

Missiles
 a - 12 arrows
 e - 28 stones (quivered)
Jewellery
 f - an uncursed ring of protection from cold {unknown}
Scrolls
 d - a scroll of teleportation {unknown}
Comestibles
 b - 2 chunks of flesh
 c - a ration


   Skills:
 + Level 1.0 Fighting
 + Level 2.0 Dodging
 + Level 3.0 Unarmed Combat
 + Level 2.0 Spellcasting
 + Level 2.0 Transmutations


You had 3 spell levels left.
You knew the following spells:

 Your Spells              Type           Power        Failure   Level  Hunger
a - Beastly Appendage     Tmut           #.....       10%         1    #......

Your spell library contained the following spells:

 Spells                   Type           Power        Failure   Level  Hunger
 Sticks to Snakes         Tmut           #.......     14%         2    ###....
 Spider Form              Tmut/Pois      #.........   41%         3    ###....
 Ice Form                 Ice/Tmut       #.......     82%         4    #####..
 Blade Hands              Tmut           #.........   95%         5    ######.


Dungeon Overview and Level Annotations

Branches:
Dungeon (2/15)

Altars:


Innate Abilities, Weirdness & Mutations

You cannot wear most types of armour.
You are very stealthy in the water. (Stealth+)
You are amphibious.
You can wear up to eight rings at the same time.
You can use your tentacles to constrict eight enemies at once.
Your skin changes colour to match your surroundings (Stealth+).
Your rubbery body absorbs attacks. (AC +1, EV +1)


Message History

You are poisoned.
The adder poisons you! The adder misses you.
There is a stone staircase leading up here.
You feel sick. The bat misses you. The adder barely misses you.
The adder bites you.
You climb upwards. 2 jackals and a kobold come into view.
The jackal barks!
Found a scroll labeled DAOGRAMIRO.
There is a stone staircase leading down here.
A rat comes into view.
You feel sick.
The kobold shouts!
The jackal barks!
You hear a shout!
The kobold throws a stone.
The stone hits you but does no damage.
You see here a stone.
A hobgoblin comes into view. It is wielding a +0 club.
The adder misses you. The jackal closely misses you.
The adder bites you but does no damage. The jackal barely misses you.
The jackal misses you. The adder bites you.
You die...

...# #.. .##
...#
#######.##..#
.#.#
..#.#.#.#.#.#
##.#
#..........# #
.#
.#####.......#.#
# .#
...............#
##.#
.....#.K.....#.#
.#.#
.....r.hh.>....#
.#.# .
..#.@SS...#?#
.#.#....
...............#
?.......
.....#.#.#.#.###
........ ...^
#########
....$... ...
........ ..
........ .
......## #######


You could see 2 adders, 2 jackals, a kobold and a rat.

Vanquished Creatures
  A giant cockroach (D:1)
1 creature vanquished.

Notes
Turn   | Place    | Note
-------+----------+-------------------------------------------
     0 | D:1      | Milting the Octopode Transmuter began the quest for the
                  | Orb.
     0 | D:1      | Reached XP level 1. HP: 13/13 MP: 3/3
   133 | D:1      | You fall into a shaft and drop 1 floor!
   156 | D:1      | Slain by an adder

Illustrated notes

Levels and vault maps discovered:
D:1:      evilmike_arrival_rings, layout_basic, interstate_on_off, st_stairs_4,
          minmay_fountain_box, minmay_pentomino_w4
D:2:      layout_basic, first_ration, uniq_robin

Action                   || total
-------------------------++-------
Melee: Unarmed           ||     3
       Constrict         ||     1
Armor: Skin              ||     1
Dodge: Dodged            ||    13
